 Dungeon Crawl Stone Soup version 0.28-a0-973-ga7f8b01127 (webtiles) character file.

Game seed: 16751632481174301844

72 emperorscorpion the Magician (level 4, -1/31 HPs)
             Began as a Djinni Conjurer on Dec 1, 2021.
             Was a Follower of Dithmenos.
             Slain by Terence (8 damage)
             ... on level 3 of the Dungeon.
             The game lasted 00:03:51 (2541 turns).

emperorscorpion the Magician (Djinni Conjurer)      Turns: 2541, Time: 00:03:51

Health: -1/31      AC:  2    Str:  6    XL:     4   Next: 48%
Gold:   34         EV: 12    Int: 21    God:    Dithmenos [*.....] SH:  0 Dex: 12

rFire   + + .      SeeInvis .   f - +2 dagger (venom)
rCold   x . .      Faith    .   (no shield)
rNeg    . . .      Spirit   .   a - +0 robe
rPois   ∞          Reflect  .   (no helmet)
rElec   .          Harm     .   (no cloak)
rCorr   .          Rampage  .   (no gloves)
Will    .....                   (boots unavailable)
Stlth   ++........              (no amulet)
HPRegen 0.10/turn               (no ring)
MPRegen 0.00/turn               (no ring)

@: flying, wreathed by umbra
A: sickness immunity, fire resistance 2, cold vulnerability 1, float, innate
caster, hp casting, extra vitality 1
a: Renounce Religion


You were on level 3 of the Dungeon.
You worshipped Dithmenos.
Dithmenos was aware of your devotion.
You visited 1 branch of the dungeon, and saw 3 of its levels.

You collected 34 gold pieces.

Inventory:

Hand Weapons
 f - a +2 dagger of venom (weapon)
Missiles
 j - 5 boomerangs
 k - 11 poisoned darts
Armour
 a - a +0 robe (worn)
 c - a +0 ring mail
Magical Staves
 i - a staff of cold
Scrolls
 b - 2 scrolls of identify {unknown}
 d - a scroll of fog {unknown}
 h - 3 scrolls of immolation {unknown}
 l - a scroll of magic mapping {unknown}
Potions
 e - a potion of resistance {unknown}
 g - a potion of curing {unknown}
 m - a potion of mutation {unknown}
 n - a potion of attraction {unknown}


   Skills:
 + Level 2.2 Dodging
 + Level 1.9 Stealth
 + Level 4.3 Spellcasting


You couldn't memorise any spells.
You knew the following spells:

 Your Spells              Type           Power      Damage    Failure   Level
a - Magic Dart            Conj           88%        1d7       1%          1
b - Searing Ray           Conj           44%        2d6       3%          2
c - Dazzling Flash        Conj/Hex       44%        N/A       6%          3
d - Fulminant Prism       Conj/Hex       11%        3d9       19%         4
e - Iskenderun's Mystic   Conj/Tloc      22%        2d6       19%         4
f - Sting                 Tmut/Pois      88%        1d7       1%          1
Your spell library was empty.

Dungeon Overview and Level Annotations

Branches:
Dungeon (3/15)

Altars:
Dithmenos

Annotations:
D:3 Terence


Innate Abilities, Weirdness & Mutations

You are immune to sickness and miasma.
You are immune to poison.
Your flesh is very heat resistant. (rF++)
You are vulnerable to cold. (rC-)
You float through the air rather than walking.
You learn spells naturally, not from books.
Your magical power is your life essence.
You have superior vitality. (+4 HP)


Message History

Confirm with . or Enter, or press ? or * to list all spells.
Aiming: Searing Ray (safe; 3% risk of failure)
Press: ? - help, Shift-Dir - straight line, f/p - Terence
Aim: Terence, wielding a +0 trident and wearing a +4 chain mail of poison resistance (lightly wounded, 84% to hit)
The searing ray hits Terence.
Terence is lightly wounded. (Press . to maintain the ray.)
The searing ray hits Terence but does no damage.
Terence is lightly wounded.
The searing ray hits the endoplasm.
The endoplasm is heavily wounded.
Terence hits you from afar with a +0 trident.
The searing ray hits Terence but does no damage.
Terence is lightly wounded.
The searing ray hits the endoplasm.
You kill the endoplasm!
Dithmenos accepts your kill.
Terence hits you from afar with a +0 trident.
The searing ray hits Terence!
Terence is heavily wounded.
You finish channelling your searing ray.
Terence barely misses you.
Casting: Searing Ray (safe; 3% risk of failure)
Confirm with . or Enter, or press ? or * to list all spells.
The spell is extremely dangerous to miscast (19% risk of failure)!
Continue anyway?
You erupt in a blast of force!
The mystic blast hits Terence but does no damage.
Terence is heavily wounded.
Terence hits you from afar with a +0 trident.
Casting: Iskenderun's Mystic Blast (extremely dangerous; 19% risk of failure)
Confirm with . or Enter, or press ? or * to list all spells.
The spell is extremely dangerous to miscast (19% risk of failure)!
Continue anyway?
You erupt in a blast of force!
The mystic blast hits Terence but does no damage.
Terence is heavily wounded.
* * * LOW HITPOINT WARNING * * *
Terence misses you.
You aren't carrying any items that you can evoke.
Terence hits you from afar with a +0 trident!
You die...

### #.. # #.#
#
###.#.#.##.##
#....@.@.....
#.#.#.#.##.#.
# #.# # #..
###


You could see Terence.

Vanquished Creatures
  2 adders (D:2)
  2 worms (D:2)
  9 ball pythons
  5 endoplasms
  4 goblins
  9 hobgoblins
  4 jackals (D:1)
  A quokka (D:2)
  A bat (D:2)
  3 frilled lizards
  2 kobolds
  3 rats
45 creatures vanquished.

Notes
Turn   | Place    | Note
-------+----------+-------------------------------------------
     0 | D:1      | emperorscorpion the Djinni Conjurer began the quest for the
                  | Orb.
     0 | D:1      | Reached XP level 1. HP: 15/15 MP: 0/0
   300 | D:1      | Reached XP level 2. HP: 19/21 MP: 0/0
   335 | D:1      | Found Dulaenoq's Jewellery Shoppe.
   799 | D:1      | Found a faded altar of an unknown god.
   811 | D:1      | Prayed at the altar of an unknown god.
   811 | D:1      | Became a worshipper of Dithmenos the Shadowed
   811 | D:1      | Reached * piety under Dithmenos
   990 | D:1      | Reached XP level 3. HP: 23/25 MP: 0/0
   990 | D:1      | Learned a level 1 spell: Sting
  1716 | D:2      | Reached skill level 4 in Spellcasting
  1925 | D:2      | Reached XP level 4. HP: 22/31 MP: 0/0
  2193 | D:2      | Reached ** piety under Dithmenos
  2531 | D:3      | Noticed Terence
  2541 | D:3      | Slain by Terence

Illustrated notes

Levels and vault maps discovered:
D:1:      tarquinn_simple_flora_water_d, layout_loops_ring, serial_shops,
          nicolae_shop_window_shopping, ebering_ecumenical_altar_sacrificial
D:2:      layout_loops_ring, kennysheep_generic_room_5
D:3:      layout_loops_cross, nicolae_overflow_ecumenical_swirl, uniq_terence,
          uniq_robin

Skill      XL: |  1  2  3 |
---------------+----------+-----
Spellcasting   | 4 |  4.3
Dodging        | |  2.2
Stealth        | |  1.9

Action                   |  1- 3 |  4- 6 || total
-------------------------+-------+-------++-------
Melee: Unarmed           |     1 |       ||     1
 Cast: Magic Dart        |    74 |    17 ||    91
       Searing Ray       |     2 |     2 ||     4
       Iskenderun's Myst |       |     2 ||     2
Armor: Robe              |     1 |       ||     1
Dodge: Dodged            |     6 |     4 ||    10

Table legend: (Time is in decaauts)
 A = Elapsed time spent in this place.
 B = Non-inter-level travel time spent in this place.
 C = Inter-level travel time spent in this place.
 D = Time resting spent in this place.
 E = Time spent auto-exploring this place.
 F = Levels seen in this place.
 G = Mean time per level.
                   A        B        C        D        E       F      G
               +--------+--------+--------+--------+--------+-----+--------+
         Total |   2540 |   2481 |     59 |      0 |   2267 |   3 |  846.7 |
       Dungeon |   2540 |   2481 |     59 |      0 |   2267 |   3 |  846.7 |
               +--------+--------+--------+--------+--------+-----+--------+

Top non-repeatable levels by time:
     D:1: 1424 daAuts
     D:2: 1105 daAuts
     D:3: 9 daAuts
